TOP OF THE 1ST |
San Jose Missions batting - Pitching for Spokane Trappers : RHP José Ortíz
|
Pitching: RHP José Ortíz
|
|
Batting: RHB Luis Antonio Rosas
|
0-0: Ball 1-0: Called Strike 1-1: Ball 2-1: Called Strike 2-2: Strikes out looking
|
Batting: RHB Joe Broadhead
|
0-0: Ground out 4-3 (Groundball, 34)
|
Batting: LHB Miguel Montés
|
0-0: Ball 1-0: Called Strike 1-1: Called Strike 1-2: Strikes out swinging
|
Top of the 1st over - 0 run(s), 0 hit(s), 0 error(s), 0 left on base; San Jose 0 - Spokane 0 |
BOTTOM OF THE 1ST |
Spokane Trappers batting - Pitching for San Jose Missions : RHP José Reyes
|
Pitching: RHP José Reyes
|
|
Batting: LHB Henry Leroux
|
0-0: Foul Ball, location: 2F 0-1: Called Strike 0-2: Ground out 5-3 (Groundball, 56)
|
Batting: RHB John Craig
|
0-0: Ball 1-0: Ball 2-0: Ball 3-0: Base on Balls
|
Batting: SHB Esteban Silva
|
0-0: Called Strike 0-1: Ball 1-1: Ball 2-1: DOUBLE (Line Drive, 9LS) John Craig to third
|
Batting: LHB José Feliciano
|
0-0: Called Strike 0-1: Called Strike 0-2: Ball 1-2: Ground out 3-1 (Groundball, 34) John Craig scores Esteban Silva to third
|
Batting: RHB Ramiro Ross
|
0-0: Ball 1-0: Ground out 5-3 (Groundball, 56)
|
Bottom of the 1st over - 1 run(s), 1 hit(s), 0 error(s), 1 left on base; San Jose 0 - Spokane 1 |
TOP OF THE 2ND |
San Jose Missions batting - Pitching for Spokane Trappers : RHP José Ortíz
|
Batting: RHB Armando López
|
0-0: Ball 1-0: Swinging Strike 1-1: Ball 2-1: Foul Ball, location: 2F 2-2: Ball 3-2: Foul Ball, location: 2F 3-2: Base on Balls
|
Batting: LHB John Foster
|
0-0: Called Strike 0-1: Ball 1-1: Ball 2-1: Called Strike 2-2: Ball 3-2: Base on Balls Armando López to second
|
Batting: RHB Javier Ramírez
|
0-0: Ball 1-0: Swinging Strike 1-1: Foul Ball, location: 2F 1-2: Strikes out swinging
|
Batting: RHB Jorge Comacho
|
0-0: Called Strike 0-1: Called Strike 0-2: Strikes out swinging
|
Batting: RHB Bobby Brewster
|
0-0: DOUBLE (Line Drive, 9LS) Armando López scores John Foster to third Runner from 3rd tries for Home, SAFE, no throw or cutoff
|
Batting: RHB Elliott Rucker
|
0-0: Ground out 5-3 (Groundball, 5L)
|
Top of the 2nd over - 2 run(s), 1 hit(s), 0 error(s), 1 left on base; San Jose 2 - Spokane 1 |
BOTTOM OF THE 2ND |
Spokane Trappers batting - Pitching for San Jose Missions : RHP José Reyes
|
Batting: LHB Pete Carter
|
0-0: Foul Ball, location: 2F 0-1: Ground out 4-3 (Groundball, 34)
|
Batting: RHB Hyo-sang Yu
|
0-0: Called Strike 0-1: Swinging Strike 0-2: Fly out, F9 (Flyball, 89M)
|
Batting: RHB Carmelo Hernández
|
0-0: Ball 1-0: Swinging Strike 1-1: Ball 2-1: Ball 3-1: Base on Balls
|
Batting: RHB Todd Rockburn
|
0-0: Called Strike 0-1: SINGLE (Groundball, 56D) Carmelo Hernández to second
|
Batting: LHB Henry Leroux
|
0-0: Foul Ball, location: 2F 0-1: Ball 1-1: Fielders Choice at 2nd, U4 (Groundball, 4M)
|
Bottom of the 2nd over - 0 run(s), 1 hit(s), 0 error(s), 2 left on base; San Jose 2 - Spokane 1 |
TOP OF THE 3RD |
San Jose Missions batting - Pitching for Spokane Trappers : RHP José Ortíz
|
Batting: RHB Luis Antonio Rosas
|
0-0: Ball 1-0: Foul Ball, location: 2F 1-1: Foul Ball, location: 2F 1-2: Ball 2-2: DOUBLE (Flyball, 7D)
|
Batting: RHB Joe Broadhead
|
0-0: SINGLE (Line Drive, 78S) Luis Antonio Rosas to third
|
Batting: LHB Miguel Montés
|
0-0: Called Strike 0-1: Ball 1-1: SINGLE (Line Drive, 9LS) Luis Antonio Rosas scores Joe Broadhead to second Runner from 2nd tries for 3rd, SAFE, throw made to third Miguel Montés to second
|
Batting: RHB Armando López
|
0-0: Ball 1-0: Foul Ball, location: 2F 1-1: Foul Ball, location: 2F 1-2: Foul Ball, location: 2F 1-2: Foul Ball, location: 2F 1-2: Ball 2-2: Strikes out swinging
|
Batting: LHB John Foster
|
0-0: Ground out 3-1 (Groundball, 34) Joe Broadhead scores Miguel Montés to third
|
Batting: RHB Javier Ramírez
|
0-0: Called Strike 0-1: Ball 1-1: Ground out 6-3 (Groundball, 6M)
|
Top of the 3rd over - 2 run(s), 3 hit(s), 0 error(s), 1 left on base; San Jose 4 - Spokane 1 |
BOTTOM OF THE 3RD |
Spokane Trappers batting - Pitching for San Jose Missions : RHP José Reyes
|
Batting: RHB John Craig
|
0-0: Ball 1-0: Ball 2-0: Ball 3-0: Base on Balls
|
Batting: SHB Esteban Silva
|
0-0: Called Strike 0-1: Ball 1-1: Called Strike 1-2: Ball John Craig steals 2nd base 2-2: DOUBLE (Line Drive, 9LD) John Craig scores
|
Batting: LHB José Feliciano
|
0-0: Ball 1-0: Ball 2-0: Called Strike 2-1: Ground out 6-3 (Groundball, 6M) Esteban Silva to third
|
Batting: RHB Ramiro Ross
|
0-0: Ball 1-0: Ball 2-0: Ground out 1-3 (Groundball, 15)
|
Batting: LHB Pete Carter
|
0-0: Ball 1-0: Ball 2-0: Foul Ball, location: 2F 2-1: Swinging Strike 2-2: Foul Ball, location: 2F 2-2: Strikes out looking
|
Bottom of the 3rd over - 1 run(s), 1 hit(s), 0 error(s), 1 left on base; San Jose 4 - Spokane 2 |
TOP OF THE 4TH |
San Jose Missions batting - Pitching for Spokane Trappers : RHP José Ortíz
|
Batting: RHB Jorge Comacho
|
0-0: DOUBLE (Line Drive, 7LM)
|
Batting: RHB Bobby Brewster
|
0-0: Called Strike 0-1: Ball 1-1: Foul Ball, location: 2F 1-2: Strikes out looking
|
Batting: RHB Elliott Rucker
|
0-0: SINGLE (Line Drive, 78M) Jorge Comacho to third
|
Batting: RHB Luis Antonio Rosas
|
0-0: Fly out, F9 (Flyball, 89M) Runner from 3rd tags up, SCORES, throw made
|
Batting: RHB Joe Broadhead
|
0-0: Ball 1-0: Called Strike 1-1: Foul Ball, location: 2F 1-2: Ball 2-2: Ball Passed Ball! Elliott Rucker to second 3-2: Ground out 5-3 (Groundball, 56)
|
Top of the 4th over - 1 run(s), 2 hit(s), 0 error(s), 1 left on base; San Jose 5 - Spokane 2 |
BOTTOM OF THE 4TH |
Spokane Trappers batting - Pitching for San Jose Missions : RHP José Reyes
|
Batting: RHB Hyo-sang Yu
|
0-0: Called Strike 0-1: Ball 1-1: Ball 2-1: Foul Ball, location: 2F 2-2: Foul Ball, location: 2F 2-2: Ball 3-2: Ground out 6-3 (Groundball, 6)
|
Batting: RHB Carmelo Hernández
|
0-0: Reached on error, E5 (Groundball, 5)
|
Batting: RHB Todd Rockburn
|
0-0: Foul Ball, location: 2F 0-1: Foul Ball, location: 2F 0-2: Ball 1-2: Foul Ball, location: 2F 1-2: Ball 2-2: Ball 3-2: DOUBLE (Line Drive, 78M) Carmelo Hernández scores
|
Batting: LHB Henry Leroux
|
0-0: Foul Ball, location: 2F 0-1: Ball 1-1: Ground out 4-3 (Groundball, 4M) Todd Rockburn to third
|
Batting: RHB John Craig
|
0-0: Ball 1-0: Ball 2-0: Swinging Strike 2-1: Called Strike 2-2: Strikes out swinging
|
Bottom of the 4th over - 1 run(s), 1 hit(s), 1 error(s), 1 left on base; San Jose 5 - Spokane 3 |
TOP OF THE 5TH |
San Jose Missions batting - Pitching for Spokane Trappers : RHP José Ortíz
|
Batting: LHB Miguel Montés
|
0-0: Ball 1-0: SOLO HOME RUN (Flyball, 9D), Distance : 380 ft
|
Batting: RHB Armando López
|
0-0: Called Strike 0-1: Ball 1-1: Called Strike 1-2: Strikes out looking
|
Batting: LHB John Foster
|
0-0: Called Strike 0-1: Ball 1-1: Ball 2-1: Ball 3-1: Called Strike 3-2: Foul Ball, location: 2F 3-2: Base on Balls
|
Batting: RHB Javier Ramírez
|
0-0: Ball 1-0: Ball John Foster steals 2nd base 2-0: Called Strike 2-1: Foul Ball, location: 2F 2-2: Fly out, F7 (Line Drive, 7M)
|
Pitching: RHP José Navarro
|
|
Batting: RHB Jorge Comacho
|
0-0: Foul Ball, location: 2F 0-1: Ball 1-1: Ball 2-1: Swinging Strike 2-2: Foul Ball, location: 2F 2-2: Ball 3-2: DOUBLE (Line Drive, 78D) John Foster scores
|
Batting: RHB Bobby Brewster
|
0-0: Ball 1-0: Ball 2-0: Fly out, F8 (Flyball, 8RM)
|
Top of the 5th over - 2 run(s), 2 hit(s), 0 error(s), 1 left on base; San Jose 7 - Spokane 3 |
BOTTOM OF THE 5TH |
Spokane Trappers batting - Pitching for San Jose Missions : RHP José Reyes
|
Batting: SHB Esteban Silva
|
0-0: Called Strike 0-1: Ball 1-1: Swinging Strike 1-2: Ball Reached via error on a dropped throw, E1
|
Batting: LHB José Feliciano
|
0-0: Swinging Strike 0-1: Ball 1-1: Called Strike 1-2: Foul Ball, location: 2F 1-2: Strikes out swinging
|
Batting: RHB Ramiro Ross
|
0-0: 2-RUN HOME RUN (Flyball, 78XD), Distance : 414 ft
|
Batting: LHB Pete Carter
|
0-0: Ball 1-0: Called Strike 1-1: Ball 2-1: Reached on error, E4 (Groundball, 4)
|
Batting: RHB Hyo-sang Yu
|
0-0: Ball 1-0: Ball 2-0: DOUBLE (Line Drive, 9LM) Pete Carter to third
|
Pinch Runner at 2nd Colin Ives:
|
|
Batting: RHB Carmelo Hernández
|
0-0: Called Strike 0-1: Foul Ball, location: 2F 0-2: Strikes out swinging
|
Batting: RHB Todd Rockburn
|
0-0: Ball 1-0: Foul Ball, location: 2F 1-1: Foul Ball, location: 2F 1-2: Ball 2-2: Strikes out looking
|
Bottom of the 5th over - 2 run(s), 2 hit(s), 2 error(s), 2 left on base; San Jose 7 - Spokane 5 |
TOP OF THE 6TH |
San Jose Missions batting - Pitching for Spokane Trappers : RHP José Navarro
|
Now in LF: Colin Ives
|
|
Batting: RHB Elliott Rucker
|
0-0: Ball 1-0: Ground out 3-1 (Groundball, 34)
|
Batting: RHB Luis Antonio Rosas
|
0-0: Ball 1-0: Fly out, F9 (Flyball, 9M)
|
Batting: RHB Joe Broadhead
|
0-0: Called Strike 0-1: Ball 1-1: Swinging Strike 1-2: Foul Ball, location: 2F 1-2: Ground out 1-3 (Groundball, 15)
|
Top of the 6th over - 0 run(s), 0 hit(s), 0 error(s), 0 left on base; San Jose 7 - Spokane 5 |
BOTTOM OF THE 6TH |
Spokane Trappers batting - Pitching for San Jose Missions : RHP José Reyes
|
Pitching: RHP Danny Wheeler
|
|
Batting: LHB Henry Leroux
|
0-0: Called Strike 0-1: Ball 1-1: Ball 2-1: Ground out 4-3 (Groundball, 34)
|
Batting: RHB John Craig
|
0-0: Ball 1-0: Ball 2-0: Ball 3-0: Called Strike 3-1: Foul Ball, location: 2F 3-2: Base on Balls
|
Batting: SHB Esteban Silva
|
0-0: Ball 1-0: Ball 2-0: Ground out 3-1 (Groundball, 34) John Craig to second
|
Batting: LHB José Feliciano
|
0-0: 2-RUN HOME RUN (Flyball, 9D), Distance : 378 ft
|
Batting: RHB Ramiro Ross
|
0-0: Foul Ball, location: 2F 0-1: Fly out, F9 (Flyball, 9M)
|
Bottom of the 6th over - 2 run(s), 1 hit(s), 0 error(s), 0 left on base; San Jose 7 - Spokane 7 |
TOP OF THE 7TH |
San Jose Missions batting - Pitching for Spokane Trappers : RHP José Navarro
|
Batting: LHB Miguel Montés
|
0-0: Ball 1-0: Fly out, F5 (Line Drive, 56)
|
Batting: RHB Armando López
|
0-0: Swinging Strike 0-1: Swinging Strike 0-2: Ground out 1-3 (Groundball, 13S)
|
Batting: LHB John Foster
|
0-0: Foul Ball, location: 2F 0-1: Fly out, F5 (Popup, 5DF)
|
Top of the 7th over - 0 run(s), 0 hit(s), 0 error(s), 0 left on base; San Jose 7 - Spokane 7 |
BOTTOM OF THE 7TH |
Spokane Trappers batting - Pitching for San Jose Missions : RHP Danny Wheeler
|
Batting: LHB Pete Carter
|
0-0: Ground out 4-3 (Groundball, 34)
|
Batting: LHB Colin Ives
|
0-0: Called Strike 0-1: Ball 1-1: Ball 2-1: Foul Ball, location: 2F 2-2: Ball 3-2: Ground out U3 (Groundball, 3)
|
Batting: RHB Carmelo Hernández
|
0-0: Called Strike 0-1: Foul Ball, location: 2F 0-2: Ball 1-2: Foul Ball, location: 2F 1-2: Ball 2-2: Ball 3-2: Base on Balls
|
Pinch Hitting: RHB Clyde Kelley
|
0-0: Ball 1-0: Swinging Strike 1-1: Ball 2-1: Called Strike 2-2: Strikes out swinging
|
Bottom of the 7th over - 0 run(s), 0 hit(s), 0 error(s), 1 left on base; San Jose 7 - Spokane 7 |
TOP OF THE 8TH |
San Jose Missions batting - Pitching for Spokane Trappers : RHP José Navarro
|
Pitching: RHP Dustin Newman
|
|
Now at SS: Jaime Padilla
|
|
Batting: RHB Javier Ramírez
|
0-0: Ball 1-0: Ball 2-0: Called Strike 2-1: Ball 3-1: Base on Balls
|
Batting: RHB Jorge Comacho
|
0-0: Ball 1-0: Bunted foul 1-1: Ball Javier Ramírez steals 2nd base 2-1: Sac Bunt - play at first, batter OUT! 1-4 Javier Ramírez to third
|
Batting: RHB Bobby Brewster
|
0-0: Intentional Walk
|
Batting: RHB Elliott Rucker
|
0-0: Ball 1-0: Ball 2-0: Foul Ball, location: 2F 2-1: Fly out, F9 (Flyball, 9M) Runner from 3rd tags up, SCORES, no throw
|
Batting: RHB Luis Antonio Rosas
|
0-0: Called Strike 0-1: Called Strike 0-2: Ball 1-2: Foul Ball, location: 2F 1-2: Strikes out swinging
|
Top of the 8th over - 1 run(s), 0 hit(s), 0 error(s), 1 left on base; San Jose 8 - Spokane 7 |
BOTTOM OF THE 8TH |
Spokane Trappers batting - Pitching for San Jose Missions : RHP Danny Wheeler
|
Pitching: RHP Jeff Campbell
|
|
Batting: LHB Henry Leroux
|
0-0: Swinging Strike 0-1: Foul Ball, location: 2F 0-2: Ball 1-2: Foul Ball, location: 2F 1-2: Strikes out swinging
|
Batting: RHB John Craig
|
0-0: Ball 1-0: Fly out, F7 (Flyball, 78M)
|
Batting: SHB Esteban Silva
|
0-0: Swinging Strike 0-1: Fly out, F8 (Flyball, 8LD)
|
Bottom of the 8th over - 0 run(s), 0 hit(s), 0 error(s), 0 left on base; San Jose 8 - Spokane 7 |
TOP OF THE 9TH |
San Jose Missions batting - Pitching for Spokane Trappers : RHP Dustin Newman
|
Batting: RHB Joe Broadhead
|
0-0: Foul Ball, location: 2F 0-1: Ball 1-1: Ball 2-1: Swinging Strike 2-2: Fly out, F8 (Line Drive, 8LM)
|
Batting: LHB Miguel Montés
|
0-0: Called Strike 0-1: Swinging Strike 0-2: Strikes out looking
|
Batting: RHB Armando López
|
0-0: Called Strike 0-1: SINGLE (Flyball, 9S)
|
Batting: LHB John Foster
|
0-0: DOUBLE (Groundball, 3L) Armando López to third Runner from 3rd tries for Home, SAFE, no throw or cutoff
|
Batting: RHB Javier Ramírez
|
0-0: Called Strike 0-1: Foul Ball, location: 2F 0-2: Ball 1-2: Foul Ball, location: 2F 1-2: Ball 2-2: Foul Ball, location: 2F 2-2: Fly out, F9 (Flyball, 9S)
|
Top of the 9th over - 1 run(s), 2 hit(s), 0 error(s), 1 left on base; San Jose 9 - Spokane 7 |
BOTTOM OF THE 9TH |
Spokane Trappers batting - Pitching for San Jose Missions : RHP Jeff Campbell
|
Pitching: RHP Gabriel Moore
|
|
Now in CF: Keith Hinkle
|
|
Now in RF: José Martínez
|
|
Batting: LHB José Feliciano
|
0-0: Called Strike 0-1: Foul Ball, location: 2F 0-2: Ball 1-2: Ball 2-2: Ball 3-2: Foul Ball, location: 2F 3-2: Foul Ball, location: 2F 3-2: Base on Balls
|
Batting: RHB Ramiro Ross
|
0-0: Called Strike 0-1: Grounds into double play, 4-6-3 (Groundball, 4)
|
Batting: LHB Pete Carter
|
0-0: Swinging Strike 0-1: Ball 1-1: Called Strike 1-2: Strikes out looking
|
Bottom of the 9th over - 0 run(s), 0 hit(s), 0 error(s), 0 left on base; San Jose 9 - Spokane 7 |
|